 Dungeon Crawl Stone Soup version 0.28.0-45-g0d030f2227 (webtiles) character file.

Game seed: 17216593290660151105

3600 CryoSword the Tainter (level 10, 0/70 (79) HPs)
             Began as a Formicid Fighter on Apr 11, 2022.
             Was an Initiate of Gozag.
             Killed by divine providence
             ... invoked by an orc priest
              (9 damage)
             ... on level 7 of the Dungeon.
             The game lasted 00:19:45 (12072 turns).

CryoSword the Tainter (Formicid Fighter)           Turns: 12072, Time: 00:19:46

HP:   0/70 (79)     AC:  8    Str: 23    XL:     10   Next: 32%
MP:   10/10         EV: 10    Int:  8    God:    Gozag
Gold: 688           SH: 10    Dex: 12    Spells: 7/9 levels left

rFire   + . .      SeeInvis +   a - +1 quarterstaff (drain)
rCold   . . .      Faith    .   x - +0 kite shield
rNeg    . . .      Spirit   .   c - +1 leather armour {rF+}
rPois   .          Reflect  .   (helmet unavailable)
rElec   .          Harm     .   (no cloak)
rCorr   .          Rampage  .   (no gloves)
Will    +....                   (no boots)
Stlth   +.........              (no amulet)
HPRegen 0.21/turn               v - +4 ring of protection
MPRegen 0.12/turn               D - ring of wizardry

@: studying Poison Magic, heavily drained
A: permanent stasis, dig shafts and tunnels, antennae 3, four strong arms
a: Dig, Shaft Self, Renounce Religion, Potion Petition, Call Merchant, Bribe
Branch


You were on level 7 of the Dungeon.
You worshipped Gozag.
Gozag was pleased with you.
You visited 2 branches of the dungeon, and saw 9 of its levels.
You also visited: Sewer.

You collected 790 gold pieces.
You paid 102 gold pieces to Gozag.

Inventory:

Hand Weapons
 a - a +1 quarterstaff of draining (weapon)
 j - a +2 antimagic spear
   (You took it off a gnoll on level 6 of the Dungeon)
Missiles
 f - 26 poisoned darts (quivered)
 i - 6 datura-tipped darts
 l - 10 boomerangs
 s - 3 javelins
 y - a throwing net
Armour
 b - a +0 scale mail
 c - a +1 leather armour of fire resistance (worn)
   (You took it off an orc priest on level 6 of the Dungeon)
 t - a +0 plate armour
   (You took it off an orc warrior on level 4 of the Dungeon)
 x - a +0 kite shield (worn)
   (You took it off a gnoll sergeant on level 6 of the Dungeon)
Jewellery
 v - a +4 ring of protection (left hand)
   (You took it off a gnoll on level 6 of the Dungeon)
 A - a ring of positive energy
   (You found it on level 7 of the Dungeon)
 D - a ring of wizardry (right hand)
   (You took it off a kobold on level 7 of the Dungeon)
Wands
 z - a wand of flame (18)
   (You found it on level 7 of the Dungeon)
Scrolls
 e - a scroll of enchant armour
 k - 2 scrolls of fog
 n - a scroll of enchant weapon
 r - 3 scrolls of identify {@r1}
 u - a scroll of magic mapping
 B - a scroll of noise {unknown}
 C - a scroll of brand weapon
Potions
 d - a potion of might
 g - 8 potions of curing {@q1}
 h - a potion of heal wounds {@q2}
 m - a potion of cancellation
 o - 4 potions of mutation {!q}
 p - a potion of berserk rage {unknown}
 q - a potion of brilliance
 w - a potion of flight {unknown}
 E - a potion of attraction {unknown}


   Skills:
 + Level 7.2 Fighting
 * Level 8.4 Staves
 + Level 7.1 Armour
 + Level 0.0 Dodging
 + Level 7.8 Shields
 * Level 10.6 Poison Magic


You had 7 spell levels left.
You knew the following spells:

 Your Spells              Type           Power      Damage    Failure   Level
a - Poisonous Vapours     Pois/Air       16%        N/A       7%          2

Your spell library contained the following spells:

 Spells                   Type           Power      Damage    Failure   Level
 Corpse Rot               Necr/Air       0%         N/A       50%         2


Dungeon Overview and Level Annotations

Branches:
Dungeon (8/15)             Temple (1/1) D:6           Sewer (visited)
   Lair: D:8-11

Altars:
Ashenzari
Cheibriados
Dithmenos
Elyvilon
Fedhas
Gozag
Hepliaklqana
Kikubaaqudgha
Makhleb
Okawaru
Qazlal
Ru
Sif Muna
Trog
Wu Jian
Xom
Yredelemnul
Zin
The Shining One


Innate Abilities, Weirdness & Mutations

You cannot be hasted, slowed, berserked, paralysed or teleported.
You can dig through walls and to a lower floor.
You have a pair of large antennae on your head. (SInv)
Your four strong arms can wield two-handed weapons with a shield.


Message History

You see here a +0 giant club.
You now have 636 gold pieces (gained 9).
f - 26 poisoned darts (gained 3);
C - a scroll of brand weapon You see here a +0 short sword.
You now have 667 gold pieces (gained 31).
D - a ring of wizardry
There is an open door, spattered with blood here.
Items here: ( )))).
Found a stone staircase leading down.
Found an embroidered hat.
Found 14 bolts and 15 arrows.
Found 12 bolts.
You see here a +2 hat.
r - 2 scrolls of identify {@r1} (gained 1)
Found 19 bolts.
You see here 14 bolts.
Found a leather armour.
You see here 15 arrows.
You now have 681 gold pieces (gained 14).
You see here a +0 leather armour.
r - 3 scrolls of identify {@r1} (gained 1)
There is an open door, spattered with blood here.
Items here: ( )))).
You see here a +0 giant club.
Found a stone staircase leading up.
You see here a +0 giant club.
E - a purple potion Done exploring.
Done exploring.
Done exploring.
You drop a +1 buckler.
Search for what [Enter for "/(polearms|maces & flails|staves)", or ? for help]? armor You see here 10 bolts.
You see here a +0 giant club.
There is a stone staircase leading up here.
You climb upwards.
There is a stone staircase leading down here.
Things that are here:
a +0 robe; a +2 vampiric dagger
Things that are here:
a +1 leather armour of fire resistance; a +0 dagger
c - a +1 leather armour of fire resistance
Okay, then.
You start removing your armour.
You continue taking off your +0 plate armour. x4
You finish taking off your +0 plate armour.
You start putting on your armour.
You continue putting on your +1 leather armour of fire resistance. x5
You finish putting on your +1 leather armour of fire resistance.
You feel resistant to fire.
Done exploring.
Done exploring.
Done exploring.
Okay, then.
Okay, then.
You're wearing all the rings you can.
Remove which one? (? for menu, Esc to cancel) < or
v - a +4 ring of protection; > or
A - a ring of positive energy You remove your ring of positive energy.
D - a ring of wizardry (right hand) Done exploring.
Done exploring.
Things that are here:
a +0 robe; a +2 vampiric dagger
There is a stone staircase leading down here.
You climb downwards.
There is a stone staircase leading up here.
(D) Dungeon (T) Temple
Where to? (Enter - D:6 @ (x,y), ? - help)
Okay, then.
Search for what [Enter for "armor", or ? for help]? armor You see here a +0 giant club.
There is an open door, spattered with blood here.
Items here: ( )))).
There is a stone staircase leading down here.
You climb downwards.
The orc shouts! x4
Found a stone staircase leading down.
There is a stone staircase leading up here.
You climb upwards.
There is a stone staircase leading down here.
There is a stone staircase leading down here.
You climb downwards.
Found two leather armours, a crooked bone wand and a ring mail.
Found a stone staircase leading up.
There is a stone staircase leading up here.
There is a stone staircase leading up here.
A gnoll comes into view. It is wielding a +0 club.
Found 11 gold pieces.
A gnoll is nearby!
A gnoll is nearby!
Aim: a gnoll, wielding a +0 club Poisonous vapours surround the gnoll!
The gnoll is poisoned.
Aim: a gnoll, wielding a +0 club (poisoned) Poisonous vapours surround the gnoll!
The gnoll looks even sicker.
A gnoll comes into view.
It is wielding a +0 flail. 2 gnolls come into view.
The gnoll closely misses you.
Unknown command.
You barely miss the gnoll.
The gnoll shouts!
You hear a shout!
A gnoll shaman comes into view. It is wielding a +0 whip.
The gnoll hits you with a +0 club.
There is a stone staircase leading up here.
You climb upwards.
There is a stone staircase leading down here.
You sock the gnoll!
You kill the gnoll!
You now have 688 gold pieces (gained 7).
You see here a +0 club.
You see here a +1 spear of venom.
There is a stone staircase leading down here.
You climb downwards.
The orc priest shouts!
The orc shouts! x3
You block the wight's attack. The orc barely misses you.
The orc priest calls down the wrath of Beogh upon you.
Pain shoots through your body!
The wight hits you with a +3 great sword!
There is a stone staircase leading up, spattered with blood here.
The wight hits you with a +1 falchion. You block the wight's attack.
The orc closely misses you. The orc priest closely misses you.
The wight hits you with a +3 great sword.
You feel drained.
You climb upwards.
There is a stone staircase leading down here.
You closely miss the orc priest. The wight hits you with a +1 falchion.
You feel drained. The wight barely misses you. You block the orc's attack.
The wight hits you with a +3 great sword!
* * * LOW HITPOINT WARNING * * *
You feel drained.
* * * LOW HITPOINT WARNING * * *
The orc priest hits you but does no damage.
You extend your mandibles.
You dig through the rock wall.
You feel drained. The wight closely misses you. You block the wight's attack.
The orc priest hits you with a +0 dagger.
* * * LOW HITPOINT WARNING * * *
You retract your mandibles.
The orc priest mumbles some strange prayers to Beogh against you.
Beogh smites you!
* * * LOW HITPOINT WARNING * * *
The orc priest mumbles some strange prayers to Beogh against you.
Beogh smites you!
* * * LOW HITPOINT WARNING * * *
The orc priest calls down the wrath of Beogh upon you.
Beogh smites you!
You die...
Your body crumbles into a pile of gold.

#######.....##...#.##.#
#................#.##.##
#.#####.........z.o#...#
#.#####.........o#.#...#
#.##.............#o#...#
#.##.##........#.#z#...#
#.##.##........'...#...#
#.##.##........#z###...#
#.##.###########@###...#
.....# #......##.##
.....########......##.#
.......(.(............#
................[..####
.....########(.....#
....## #......# ....#
#......# ##### #......#


You could see 3 wights, an orc priest and an orc.

Vanquished Creatures
  Eustachio (D:3)
  A water moccasin (D:5)
  3 ice beasts
  A hornet zombie (D:7)
  2 orc warriors
  A black bear (D:5)
  A sky beast (D:5)
  4 necrophages
  2 ogres
  A centaur (D:7)
  A phantom (D:5)
  2 kobold brigands
  2 wyvern zombies (D:7)
  3 gnoll sergeants
  A scorpion (D:5)
  3 howler monkeys
  A centaur zombie (D:5)
  2 bullfrog zombies (D:6)
  4 orc priests
  A bullfrog skeleton (D:5)
  A jelly (D:6)
  4 gnoll shamans (D:6)
  5 hounds
  4 centaur skeletons
  An iguana (D:4)
  4 orc wizards
  3 killer bee zombies
  A hound skeleton (D:4)
  8 adders
  17 gnolls
  A river rat (D:3)
  A shadow imp (D:3)
  4 white imps
  2 adder skeletons (D:4)
  2 worms
  16 dart slugs
  23 orcs
  3 bats
  3 endoplasms
  5 giant cockroaches
  6 goblins
  8 hobgoblins
  6 jackals
  12 kobolds
  9 quokkas
  7 ball pythons
  12 frilled lizards
  14 rats
219 creatures vanquished.

Vanquished Creatures (others)
  An ogre (D:5)
  A gnoll sergeant (D:5)
  A gnoll (D:5)
  22 fungi
  20 plants (D:6)
45 creatures vanquished.

Grand Total: 264 creatures vanquished

Notes
Turn   | Place    | Note
-------+----------+-------------------------------------------
     0 | D:1      | CryoSword the Formicid Fighter began the quest for the Orb.
     0 | D:1      | Reached XP level 1. HP: 18/18 MP: 1/1
   183 | D:1      | Reached XP level 2. HP: 24/24 MP: 2/2
   345 | D:1      | Reached XP level 3. HP: 27/29 MP: 3/3
   377 | D:1      | Found a faded altar of an unknown god.
  1252 | D:3      | Reached XP level 4. HP: 37/37 MP: 4/4
  1589 | D:3      | Found a glowing drain.
  1593 | D:3      | Reached XP level 5. HP: 22/42 MP: 5/5
  1625 | Sewer    | Entered a sewer
  3330 | D:4      | Reached XP level 6. HP: 35/37 MP: 6/6
  3346 | D:4      | Noticed Eustachio
  3777 | D:4      | Reached skill level 5 in Shields
  4010 | D:4      | Found an ancient bone altar of Kikubaaqudgha.
  4025 | D:4      | Noticed a necrophage
  4062 | D:4      | Killed a necrophage
  4063 | D:4      | Reached XP level 7. HP: 51/55 MP: 7/7
  4830 | D:5      | Entered Level 5 of the Dungeon
  4904 | D:4      | Reached skill level 5 in Fighting
  4904 | D:4      | Reached skill level 5 in Staves
  5045 | D:5      | Reached skill level 5 in Armour
  5089 | D:5      | Reached XP level 8. HP: 60/62 MP: 8/8
  5408 | D:5      | Reached skill level 1 in Poison Magic
  5601 | D:5      | Reached skill level 2 in Poison Magic
  6100 | D:5      | Found a shimmering altar of Xom.
  6132 | D:4      | Reached skill level 3 in Poison Magic
  6386 | D:5      | Learned a level 2 spell: Poisonous Vapours
  6544 | D:5      | Found a sacrificial altar of Ru.
  6548 | D:5      | Reached skill level 4 in Poison Magic
  6679 | D:5      | Reached skill level 5 in Poison Magic
  6679 | D:5      | Reached XP level 9. HP: 47/69 MP: 9/9
  7296 | D:5      | Reached skill level 6 in Poison Magic
  7874 | D:4      | Found an ancient bone altar of Kikubaaqudgha.
  8368 | D:3      | Killed Eustachio
  8369 | D:3      | Reached skill level 7 in Poison Magic
  8595 | D:6      | Found a staircase to the Ecumenical Temple.
  8970 | Temple   | Entered the Ecumenical Temple
  9094 | Temple   | Became a worshipper of Gozag Ym Sagoz the Greedy
  9294 | D:6      | Reached skill level 8 in Poison Magic
  9984 | D:6      | Reached skill level 9 in Poison Magic
  9984 | D:6      | Reached XP level 10. HP: 35/77 MP: 10/10
 11025 | D:7      | Found a snail-covered altar of Cheibriados.
 11036 | D:7      | Found a bloodstained altar of Trog.
 11245 | D:7      | Reached skill level 10 in Poison Magic
 12072 | D:7      | Killed from afar by an orc priest

Illustrated notes

Levels and vault maps discovered:
D:1:      lightli_arrival_flooded_house, layout_basic, basic_ecumenical_altar
D:2:      layout_basic, kennysheep_donut
D:3:      minmay_angry_zag, layout_rooms, serial_glass, glass_columns_a,
          glass_columns_a, glass_columns_b, glass_columns_c, glass_columns_a,
          glass_columns_a, portal_sewer_entry_b, kennysheep_crisscross
D:4:      layout_loops_ring, mainiacjoe_overflow_boulevard,
          minmay_quadrilaterals, uniq_eustachio
D:5:      kennysheep_slugbush, layout_loops_corners, hangedman_ru_absence,
          xom_confusion_cloud, nrook_mini_backslash, minmay_manual_monolith
D:6:      layout_loops_ring, minmay_temple_entry_junction, serial_aquarium,
          aquarium_bridge_square [aquarium_subvault_window,
          aquarium_subvault_window, aquarium_subvault_bridge,
          aquarium_subvault_wall], aquarium_bridge_straight
          [aquarium_subvault_bridge, aquarium_subvault_wall,
          aquarium_subvault_bridge, aquarium_subvault_balcony],
          aquarium_window_corridor_1, aquarium_window_2, aquarium_window_1,
          aquarium_window_fake, aquarium_view_2b, nicolae_grassy_gnolls
D:7:      layout_basic, minitemple
D:8:      layout_rooms, mainiacjoe_overflow_divided_tiny,
          erik_lair_orcish_takeover
Temple:   eino_narrow_crystal_temple

Skill      XL: |  1  2  3  4  5  6  7  8  9 10 |
---------------+-------------------------------+-----
Shields        | 4 5 6 7 |  7.8
Staves         | 3 4 5 6 7 8 |  8.4
Fighting       | 4 5 6 7 |  7.2
Armour         | 4 5 6 7 |  7.1
Poison Magic   | 5 9 10 | 10.6

Action                   |  1- 3 |  4- 6 |  7- 9 | 10-12 || total
-------------------------+-------+-------+-------+-------++-------
Melee: Quarterstaff      |    86 |   255 |   164 |    74 ||   579
       Spear             |       |       |   250 |    62 ||   312
Throw: Dart              |       |     1 |     7 |       ||     8
 Cast: Poisonous Vapours |       |       |       |     2 ||     2
 Abil: Dig               |       |     1 |     1 |     1 ||     3
  Use: Scroll            |     5 |     5 |     4 |     1 ||    15
       Potion            |       |       |     2 |       ||     2
 Stab: Distracted        |       |       |     1 |       ||     1
Armor: Scale mail        |    33 |   141 |    72 |       ||   246
       Plate armour      |       |       |   102 |    73 ||   175
       Leather armour    |       |       |       |     1 ||     1
Dodge: Dodged            |    32 |   129 |   123 |    33 ||   317
Block: Buckler           |    16 |    51 |    98 |    10 ||   175
       Kite shield       |       |       |       |    52 ||    52
